 Dungeon Crawl Stone Soup version 0.30.0-19-g36f170ea60 (webtiles) character file.

Game seed: 13527707912220050207

1736 MacCMillion the Skirmisher (level 8, -3/37 HPs)
             Began as a Spriggan Hunter on May 29, 2023.
             Was a Believer of Okawaru.
             Slain by a killer bee (7 damage)
             ... on level 7 of the Dungeon.
             The game lasted 00:08:10 (7549 turns).

MacCMillion the Skirmisher (Spriggan Hunter)        Turns: 7549, Time: 00:08:11

Health: -3/37      AC:  6    Str:  7    XL:     8   Next: 76%
Magic:  9/9        EV: 21    Int: 11    God:    Okawaru [**....]
Gold:   389        SH:  0    Dex: 20    Spells: 7/7 levels left

rFire   . . .        a - +0 shortbow
rCold   . . .        (shield currently unavailable)
rNeg    + . .        c - +0 robe
rPois   .            (helmet restricted)
rElec   .            (no cloak)
rCorr   .            (gloves unavailable)
SInv    +            (boots unavailable)
Will    +....        y - amulet of regeneration
Stlth   +++          f - +4 ring of protection
HPRegen 1.06/turn    i - ring of positive energy
MPRegen 0.11/turn

%: no passive effects
@: mighty, flying, very quick
A: very small, no large weapons, unfitting armour, see invisible, speed 3
a: Renounce Religion, Heroism


You were on level 7 of the Dungeon.
You worshipped Okawaru.
Okawaru was pleased with you.
You visited 2 branches of the dungeon, and saw 9 of its levels.

You collected 389 gold pieces.

Inventory:

Hand Weapons
 a - a +0 shortbow (weapon)
Armour
 c - a +0 robe (worn)
Jewellery
 f - a +4 ring of protection (left hand)
 i - a ring of positive energy (right hand)
 y - an amulet of regeneration (around neck)
 B - a +6 ring of strength
 D - an amulet of guardian spirit
Wands
 E - a wand of flame (11)
Scrolls
 b - a scroll of immolation
 g - 8 scrolls of identify {unknown}
 j - 2 scrolls of torment {unknown}
 n - a scroll of enchant armour {unknown}
 o - a scroll of butterflies {unknown}
 p - 3 scrolls of acquirement {unknown}
 r - 2 scrolls of poison {unknown}
 s - 2 scrolls of teleportation {unknown}
 u - 5 scrolls of amnesia {unknown}
 w - a scroll of noise {unknown}
 x - 2 scrolls of brand weapon {unknown}
 A - a scroll of enchant weapon {unknown}
 C - a scroll of fear {unknown}
Potions
 d - 2 potions of might
 e - a potion of curing {unknown}
 h - a potion of cancellation {unknown}
 k - a potion of invisibility {unknown}
 l - a potion of mutation {unknown}
 m - a potion of flight
 q - a potion of lignification {unknown}
 t - a potion of resistance {unknown}
 v - a potion of attraction {unknown}
 z - 2 potions of heal wounds
 F - a potion of magic {unknown}


   Skills:
 - Level 1.5 Fighting
 + Level 10.9 Ranged Weapons
 + Level 6.3 Dodging
 - Level 4.0 Stealth


You had 7 spell levels left.
You didn't know any spells.
Your spell library contained the following spells:

 Spells                   Type           Power      Damage    Failure   Level
 Magic Dart               Conj           0%         1d3       34%         1
 Cigotuvi's Dreadful Rot  Necr/Pois/Air  0%         N/A       47%         2
 Ignite Poison            Fire/Tmut/Pois 0%         N/A       71%         3
 Mephitic Cloud           Conj/Pois/Air  0%         N/A       71%         3
 Portal Projectile        Hex/Tloc       0%         N/A       71%         3
 Stone Arrow              Conj/Erth      0%         3d7       71%         3
 Dispel Undead            Necr           0%         3d6       98%         4
 Sticky Flame             Conj/Fire      0%         2d3       98%         4
 Blade Hands              Tmut           0%         N/A       100%        5
 Ignition                 Fire           0%         3d3       100%        8
 Lehudib's Crystal Spear  Conj/Erth      0%         10d2      100%        8
 Call Imp                 Summ           Unusable   N/A       N/A         2
 Tukima's Dance           Hex            Unusable   N/A       N/A         3
 Animate Armour           Summ/Erth      Unusable   N/A       N/A         4
 Death Channel            Necr           Unusable   N/A       N/A         6

Dungeon Overview and Level Annotations

Branches:
Dungeon (8/15)             Temple (1/1) D:4
   Lair: D:8-11

Altars:
Ashenzari
Cheibriados
Dithmenos
Fedhas
Gozag
Hepliaklqana
Kikubaaqudgha
Makhleb
Okawaru
Qazlal
Ru
Trog
Uskayaw
Vehumet
Wu Jian
Xom
Zin
The Shining One

Shops:
D:6 *

Annotations:
D:4 4 runed translucent doors


Innate Abilities, Weirdness & Mutations

You are very small and have problems with some larger weapons.
You are too small for most types of armour.
You have supernaturally acute eyesight. (SInv)
You cover ground extremely quickly. (Speed+++)


Message History

There is a stone staircase leading down here.
You are too injured to fight recklessly!
You are too injured to fight recklessly!
You are too injured to fight recklessly!
Fire: a) +0 shortbow
Press: ? - help, Q - select action, (/) - cycle Shift-Dir - straight line, f - killer bee
Aim: a killer bee (moderately wounded, 44% to hit)
You shoot an arrow.
The arrow hits the killer bee but does no damage.
The killer bee is moderately wounded.
You feel sick. The killer bee completely misses you.
The killer bee closely misses you.
Fire: a) +0 shortbow
Press: ? - help, Q - select action, (/) - cycle Shift-Dir - straight line, f/p - killer bee
Aim: a killer bee (moderately wounded, 44% to hit)
You shoot an arrow. The arrow hits the killer bee!
The killer bee is severely wounded.
You feel sick. The killer bee misses you. x2
Fire: a) +0 shortbow
Press: ? - help, Q - select action, (/) - cycle Shift-Dir - straight line, f/p - killer bee
Aim: a killer bee (severely wounded, 44% to hit)
You shoot an arrow.
The arrow closely misses the killer bee.
You feel sick. The killer bee barely misses you. The killer bee misses you.
Fire: a) +0 shortbow
Press: ? - help, Q - select action, (/) - cycle Shift-Dir - straight line, f/p - killer bee
Aim: a killer bee (severely wounded, 44% to hit)
You shoot an arrow. The arrow misses the killer bee.
You feel sick. The killer bee closely misses you.
The killer bee stings you but does no damage.
Fire: a) +0 shortbow
Press: ? - help, Q - select action, (/) - cycle Shift-Dir - straight line, f/p - killer bee
Aim: a killer bee (severely wounded, 44% to hit)
You shoot an arrow. The arrow misses the killer bee.
You feel sick.
You are no longer poisoned.
The killer bee stings you!
* * * LOW HITPOINT WARNING * * *
The killer bee stings you!
You die...

#.###.......##..#
......[.........##
......#..........#
..###.#.###.##.#.##
..................##
......#.##..##.....#
###...#.##..##.#...###
###...#.....##.#.....#
.)).............@..#<#
......<......#.#.y.#.####
...................#....#
.....................####
....##...#.......).###
...###...#.##.##.###
##.#..........##.#
...........#####.#
##.........# #.#


You could see a killer bee.

Vanquished Creatures
  A steam dragon (D:6)
  A water moccasin (D:7)
  A sky beast (D:6)
  An ogre (D:4)
  2 scorpions (D:5)
  A gnoll sergeant (D:7)
  2 bullfrogs
  3 killer bees
  8 hounds
  An orc priest (D:6)
  3 jellies
  5 iguanas
  5 orc wizards
  8 gnolls
  5 adders
  A shadow imp (D:7)
  2 ufetubi
  A worm (D:2)
  4 dart slugs
  29 orcs
  3 bats
  3 endoplasms
  2 giant cockroaches (D:4)
  8 goblins
  7 hobgoblins
  4 jackals (D:1)
  12 kobolds
  6 quokkas
  7 ball pythons
  A frilled lizard (D:2)
  5 rats
142 creatures vanquished.

Notes
Turn   | Place    | Note
-------+----------+-------------------------------------------
     0 | D:1      | MacCMillion the Spriggan Hunter began the quest for the
                  | Orb.
     0 | D:1      | Reached XP level 1. HP: 10/10 MP: 2/2
   202 | D:1      | Reached XP level 2. HP: 14/14 MP: 3/3
   866 | D:1      | Found a faded altar of an unknown god.
   949 | D:2      | Reached XP level 3. HP: 16/18 MP: 4/4
  1809 | D:3      | Found a broken altar of Ashenzari.
  1942 | D:3      | Reached skill level 5 in Ranged Weapons
  2026 | D:3      | Found a shimmering altar of Xom.
  2134 | D:3      | Found a faded altar of an unknown god.
  2138 | D:3      | Found a stormy altar of Qazlal.
  2396 | D:4      | Reached XP level 4. HP: 22/22 MP: 5/5
  2463 | D:4      | Found a large runed translucent door.
  2466 | D:4      | Found a large runed translucent door.
  2473 | D:4      | Noticed a kobold brigand
  2479 | D:4      | Found a large runed translucent door.
  2479 | D:4      | Found a large runed translucent door.
  2539 | D:4      | Found a staircase to the Ecumenical Temple.
  2550 | Temple   | Entered the Ecumenical Temple
  2568 | Temple   | Became a worshipper of Warmaster Okawaru
  2627 | D:4      | Reached skill level 6 in Ranged Weapons
  2627 | D:4      | Reached XP level 5. HP: 25/25 MP: 6/6
  2683 | D:4      | Found an ornate altar of the Wu Jian Council.
  2723 | D:4      | Noticed an ogre
  2860 | D:4      | Killed an ogre
  2861 | D:4      | Reached XP level 6. HP: 30/30 MP: 7/7
  2994 | D:4      | Found an ancient bone altar of Kikubaaqudgha.
  2994 | D:4      | Found a faded altar of an unknown god.
  3001 | D:4      | Found a sacrificial altar of Ru.
  3003 | D:4      | Found a snail-covered altar of Cheibriados.
  3005 | D:4      | Found a bloodstained altar of Trog.
  3095 | D:4      | Reached skill level 7 in Ranged Weapons
  3336 | D:5      | Entered Level 5 of the Dungeon
  3473 | D:5      | Reached * piety under Okawaru
  3546 | D:5      | Reached skill level 8 in Ranged Weapons
  3809 | D:5      | Reached XP level 7. HP: 29/33 MP: 8/8
  4002 | D:6      | Noticed a steam dragon
  4575 | D:6      | Found Ytacecu's Lightly-Used Armoury.
  4831 | D:6      | Reached skill level 9 in Ranged Weapons
  5079 | D:6      | Killed a steam dragon
  5306 | D:6      | Reached XP level 8. HP: 37/37 MP: 9/9
  5307 | D:6      | Reached ** piety under Okawaru
  5491 | D:6      | Reached skill level 10 in Ranged Weapons
  6875 | D:7      | Reached skill level 5 in Dodging
  6982 | D:7      | Found an opulent altar of Gozag.
  6982 | D:7      | Found a glowing silver altar of Zin.
  7549 | D:7      | Slain by a killer bee

Illustrated notes

Levels and vault maps discovered:
D:1:      dpeg_arrival_round_b, layout_loops_corners,
          shapermc_ecumenical_altar_mp_vishouse
D:2:      layout_loops_cross
D:3:      layout_loops_ring, nicolae_overflow_ecumenical_swirl,
          mainiacjoe_overflow_small_starburst, ashenzari_conservatory_becter,
          minivault_27
D:4:      kennysheep_big_flooded_room, layout_rooms,
          mainiacjoe_overflow_tiny_flanked, chequers_temple_overflow_minitemple,
          minmay_temple_entry_statues_pillars, minmay_hollow_rounded_squares
D:5:      layout_basic
D:6:      layout_basic, chequers_serial_rivers_marsh, minmay_shop_damaged
D:7:      layout_basic, grunt_temple_overflow_gold_and_silver
D:8:      layout_basic, elyvilon_altar_5, hangedman_misty_isle, uniq_maurice
Temple:   hellmonk_temple_rainy

Skill      XL: |  1  2  3  4  5  6  7  8 |
---------------+-------------------------+-----
Stealth        | 2 3 4 |  4.0
Ranged Weapons | 5 6 8 9 10 | 10.9
Dodging        | 6 |  6.3
Fighting       | |  1.5

Action                     |  1- 3 |  4- 6 |  7- 9 || total
---------------------------+-------+-------+-------++-------
   Fire: Shortbow          |    99 |   141 |   306 ||   546
    Use: Potion            |       |       |     3 ||     3
 Armour: Robe              |     5 |    10 |    23 ||    38
  Dodge: Dodged            |    30 |    40 |   143 ||   213
